 Dungeon Crawl Stone Soup version 0.16.1-14-g82efdee (webtiles) character file.

116 KarvaRausku the Chopper (level 5, -11/28 HPs)
             Began as a Gargoyle Earth Elementalist on Apr 12, 2015.
             Killed by divine providence
             ... invoked by an orc priest
              (12 damage)
             ... on level 4 of the Dungeon.
             The game lasted 00:07:59 (3517 turns).

KarvaRausku the Chopper (GrEE)                      Turns: 3517, Time: 00:07:59

Health: -11/28     AC:  7    Str: 12    XL:     5   Next: 0%
Magic:  13/18      EV: 10    Int: 21    God:
Gold:   86         SH:  3    Dex: 10    Spells: 2 memorised, 5 levels left

rFire  . . .     SeeInvis +     e - +0 hand axe
rCold  . . .     Clarity  .     n - +0 leather armour
rNeg   + . .     SustAb   .     r - +0 buckler
rPois  ∞         Gourm    .     (no helmet)
rElec  +         Spirit   .     (no cloak)
rCorr  .         Warding  .     (no gloves)
rMut   .         Stasis   .     (no boots)
MR     .....                    (no amulet)
Stlth  ++........               x - ring of see invisible
                                h - ring of magical power

@: brilliant, hasted, very quick, not resistant to hostile enchantments,
unstealthy
A: negative energy resistance 1, electricity resistance, unbreathing,
petrification resistance, rot immunity, AC +4
a: no special abilities


You were on level 4 of the Dungeon.
You were hungry.

You visited 1 branch of the dungeon, and saw 4 of its levels.

You collected 86 gold pieces.

Inventory:

Hand weapons
 e - a +0 hand axe (weapon)
Missiles
 b - 97 stones (quivered)
 f - 6 javelins
 o - a throwing net
Armour
 c - a +0 robe
 n - a +0 leather armour (worn)
 r - a +0 buckler (worn)
Jewellery
 h - a ring of magical power (left hand)
 x - a ring of see invisible (right hand)
Scrolls
 i - a scroll of magic mapping {unknown}
 j - 3 scrolls of identify {unknown}
 l - 2 scrolls of remove curse {unknown}
 s - a scroll of amnesia {unknown}
 u - a scroll of enchant weapon {unknown}
 v - a scroll of immolation {unknown}
 w - a scroll of teleportation {unknown}
Potions
 k - a potion of lignification {unknown}
 p - a potion of brilliance
Books
 d - a book of Geomancy

   Spells                             Type                      Level
   a - Sandblast                      Earth                        1
   b - Stoneskin                      Transmutation/Earth          2
   c - Passwall                       Transmutation/Earth          3
   d - Stone Arrow                    Conjuration/Earth            3
   e - Petrify                        Transmutation/Earth          4
   f - Lee's Rapid Deconstruction     Earth                        5
Comestibles
 a - 2 bread rations
 t - 2 meat rations


   Skills:
 + Level 4.0 Axes
 - Level 1.5 Dodging
 - Level 2.1 Stealth
 - Level 2.0 Spellcasting
 - Level 0.7 Transmutations
 - Level 3.6 Earth Magic


You had 5 spell levels left.
You knew the following spells:

 Your Spells              Type           Power        Failure   Level  Hunger
a - Sandblast             Erth           ####..       1%          1    #......
b - Stoneskin             Trmt/Erth      ###.....     2%          2    ##.....


Dungeon Overview and Level Annotations

Branches:
Dungeon (4/15)
 Temple: D:4-7

Altars:
Zin

Shops:
D:3 *

Annotations:
D:1 1 runed door
D:3 Natasha; pidar's ghost, weakling MiBe


Innate Abilities, Weirdness & Mutations

You are resistant to torment.
You are immune to poison.
Your stone body is very resilient (AC +4).
You resist negative energy.
You are resistant to electric shocks.
You can survive without breathing.
You are immune to petrification.
You are immune to rotting.


Message History

It was a potion of cancellation.
Your magical effects are unravelling.
You feel magically purged.
Your skin feels tender.
The orc wizard gestures at you while chanting.
The magic dart hits you!
Drink which item? (? for menu, Esc to quit)
It was a potion of brilliance.
You feel clever all of a sudden.
The orc priest hits you but does no damage.
The orc wizard hits you but does no damage.
Drink which item? (? for menu, Esc to quit)
You can't drink that!
Drink which item? (? for menu, Esc to quit)
It was a potion of haste.
You feel yourself speed up.
The orc wizard mumbles some strange words.
The orc wizard seems to speed up.
The orc priest invokes the aid of Beogh against you.
Something smites you!
You die...

#.##.# #.##.# #.##.#
#.##.# ###.##.######
##..<##).....#####
#####...###......(....
..................######
#####...###.....@o.....#
##.## #...).#o####.# #.#
###.###o# #)# #.# .# #<#
#.# .. #.# #.. .. #.#
### ..# #.# ... #.# .


You could see an orc priest, an orc wizard and an orc.

Vanquished Creatures
  4 adders
  2 worms (D:2)
  A giant gecko (D:2)
  2 orcs
  2 ball pythons (D:1)
  10 bats
  3 giant cockroaches
  6 goblins
  10 hobgoblins
  6 jackals
  6 kobolds
  A giant newt (D:1)
  4 rats
57 creatures vanquished.

Notes
Turn   | Place    | Note
--------------------------------------------------------------
     0 | D:1      | KarvaRausku, the Gargoyle Earth Elementalist, began the quest for the Orb.
     0 | D:1      | Reached XP level 1. HP: 10/10 MP: 3/3
     1 | D:1      | Found a runed door.
   185 | D:1      | Reached skill level 1 in Axes
   467 | D:1      | Reached XP level 2. HP: 15/15 MP: 4/4
   938 | D:1      | Reached XP level 3. HP: 7/19 MP: 3/6
  1764 | D:2      | Reached XP level 4. HP: 13/24 MP: 7/7
  2552 | D:3      | Found Zin's Purification Station.
  2552 | D:3      | Found a glowing silver altar of Zin.
  2640 | D:3      | Noticed pidar's ghost (weakling MiBe)
  3000 | D:2      | Learned a level 2 spell: Stoneskin
  3300 | D:3      | Noticed Natasha
  3495 | D:4      | Reached skill level 4 in Axes
  3496 | D:4      | Reached XP level 5. HP: 26/28 MP: 9/9
  3513 | D:4      | HP: 1/28 [orc wizard/puff of flame (2)]
  3517 | D:4      | Killed from afar by an orc priest

Action                   |  1- 3 |  4- 6 || total
-------------------------+-------+-------++-------
Melee: Hand axe          |   126 |   149 ||   275
Throw: Javelin           |     3 |     1 ||     4
       Stone             |     1 |       ||     1
 Cast: Sandblast         |    20 |     7 ||    27
       Stoneskin         |       |     3 ||     3
  Use: Potion            |       |     4 ||     4
 Stab: Sleeping          |       |     1 ||     1
  Eat: Bread ration      |     1 |       ||     1
       Chunk             |       |     3 ||     3
       Pizza             |       |     1 ||     1
